 Dungeon Crawl Stone Soup version 0.21.0-3-g78d12a8 (webtiles) character file.

71 Inchmeat the Cudgeler (level 4, 0/28 HPs)
             Began as a Gargoyle Monk on Jan 11, 2018.
             Killed by divine providence
             ... invoked by an orc priest
              (14 damage)
             ... on level 3 of the Dungeon.
             The game lasted 00:01:43 (2175 turns).

Inchmeat the Cudgeler (Gargoyle Monk)               Turns: 2175, Time: 00:01:43

Health: 0/28       AC: 11    Str: 16    XL:     4   Next: 24%
Magic:  4/4        EV:  7    Int: 10    God:
Gold:   73         SH:  0    Dex: 12    Spells: 3/3 levels left

rFire    . . .     SeeInvis .   p - +0 flail
rCold    . . .     Gourm    .   (no shield)
rNeg     + . .     Faith    .   q - +0 chain mail
rPois    ∞         Spirit   .   (no helmet)
rElec    +         Reflect  .   (no cloak)
rCorr    .         Harm     .   (no gloves)
MR       .....                  (no boots)
Stlth    ..........             (no amulet)
HPRegen  0.09/turn              (no ring)
MPRegen  0.09/turn              (no ring)

@: no status effects
A: negative energy resistance 1, electricity resistance, unbreathing,
petrification resistance, rot immunity, AC +3
a: no special abilities


You were on level 3 of the Dungeon.
You were not hungry.

You visited 1 branch of the dungeon, and saw 3 of its levels.

You collected 73 gold pieces.

Inventory:

Hand Weapons
 a - a +0 mace
 p - a +0 flail (weapon)
Armour
 b - a +0 robe
 f - a +0 ring mail
 l - a +0 scale mail
 q - a +0 chain mail (worn)
Scrolls
 d - 6 scrolls of identify {unknown}
 g - 2 scrolls of remove curse {unknown}
 j - 2 scrolls of fog {unknown}
 k - a scroll of enchant armour {unknown}
 n - a scroll of magic mapping {unknown}
 r - a scroll of teleportation {unknown}
Potions
 e - a potion of agility {unknown}
 h - a potion of mutation {unknown}
 i - 3 potions of haste {unknown}
 m - a potion of might {unknown}
 o - a potion of brilliance {unknown}
 s - a potion of magic {unknown}
Comestibles
 c - 5 rations


   Skills:
 - Level 3.2 Fighting
 * Level 5.0 Maces & Flails
 - Level 2.4 Dodging
 - Level 2.1 Stealth


You had 3 spell levels left.
You didn't know any spells.

Dungeon Overview and Level Annotations

Branches:
Dungeon (3/15)

Altars:


Innate Abilities, Weirdness & Mutations

You are resistant to torment.
Your stone body is resilient. (AC +3)
You are immune to poison.
You resist negative energy. (rN+)
You are resistant to electric shocks. (rElec)
You can survive without breathing.
You are immune to petrification.
You are immune to rotting.


Message History

Thar be an op'n door 'ere.
Found a stone staircase leadin' up. 2 orcs an' an orc priest come inta view.
Tha orc priest shouts!
Tha orc shouts! x2
Tha orc priest looks encouraged fer a momn't.
Found a scroll labeled KYAHOX VIWNU.
An orc comes inta view.
It be wieldin' a war axe.
An orc comes inta view.
It be wieldin' a mace.
Tha orc shouts! x2
Found an 'scape hatch in tha ceilin'.
Tha orc priest mumbles some strange prayers ta Beogh against ye.
Beogh smites ye!
Ouch! Tha re'lly hurt!
An orc comes inta view.
It be wieldin' a whip.
Ye be too injured ta fight recklessly!
Ye be too injured ta fight recklessly!
Tha orc priest mumbles some strange prayers ta Beogh against ye.
Beogh smites ye!
Ouch! Tha re'lly hurt!
Ye die...

....# #####+#...#
..........##
.....?...o. #
.<....o...#.#
.o......o..
.......oo# .........#
.#######@# .
###.###### ..
#.......... #.
#.#.######.
#.#####'#+###
#...........# #
.#.......[..# ##.##
#..........#####....#
#...................#


You could see an orc priest and 5 orcs.

Vanquished Creatures
  Terence (D:2)
  2 adders
  A dart slug (D:1)
  2 leopard geckos
  4 bats
  A giant cockroach (D:2)
  2 goblins
  3 hobgoblins
  A ball python (D:2)
  2 frilled lizards
  3 kobolds
  4 rats
26 creatures vanquished.

Vanquished Creatures (others)
  5 toadstools (D:1)
5 creatures vanquished.

Grand Total: 31 creatures vanquished

Notes
Turn   | Place    | Note
-------+----------+-------------------------------------------
     0 | D:1      | Inchmeat the Gargoyle Monk began the quest for the Orb.
     0 | D:1      | Reached XP level 1. HP: 14/14 MP: 1/1
   620 | D:1      | Reached XP level 2. HP: 19/19 MP: 2/2
  1141 | D:2      | Reached skill level 4 in Maces & Flails
  1433 | D:2      | Reached XP level 3. HP: 23/23 MP: 3/3
  1467 | D:2      | Noticed Terence
  1481 | D:2      | Killed Terence
  1481 | D:2      | Reached XP level 4. HP: 14/28 MP: 4/4
  2157 | D:3      | Reached skill level 5 in Maces & Flails
  2175 | D:3      | Killed from afar by an orc priest

Skill      XL: |  1  2  3  4 |
---------------+-------------+-----
Maces & Flails | 4 5 |  5.0
Fighting       | |  3.2
Dodging        | |  2.4
Stealth        | |  2.1

Action                   |  1- 3 |  4- 6 || total
-------------------------+-------+-------++-------
Melee: Mace              |    71 |       ||    71
       Flail             |       |    17 ||    17
 Stab: Sleeping          |     1 |       ||     1
  Eat: Chunk             |     1 |     3 ||     4
Armor: Robe              |     7 |       ||     7
       Ring mail         |    16 |       ||    16
       Scale mail        |     6 |       ||     6
       Chain mail        |       |    10 ||    10
Dodge: Dodged            |    42 |     8 ||    50
